 Dungeon Crawl Stone Soup version 0.18.1-6-gd335043 (webtiles) character file.

268 Mefis the Magician (level 6, -3/32 HPs)
             Began as a Deep Elf Wizard on May 17, 2016.
             Killed from afar by an orc wizard (10 damage)
             ... with a magic dart
             ... on level 3 of the Dungeon.
             The game lasted 00:07:58 (3334 turns).

Mefis the Magician (Deep Elf Wizard)                Turns: 3334, Time: 00:07:58

Health: -3/32      AC:  3    Str:  4    XL:     6   Next: 0%
Magic:  1/15       EV: 13    Int: 25    God:
Gold:   63         SH:  0    Dex: 13    Spells: 6 memorised, 2 levels left

rFire  . . .     SeeInvis .     e - +0 short sword
rCold  . . .     Gourm    .     a - +0 robe
rNeg   . . .     Faith    .     (no shield)
rPois  +         Spirit   .     b - +0 hat
rElec  .         Dismiss  .     n - +0 cloak
rCorr  .         Reflect  .     (no gloves)
SustAt .         Harm     .     (no boots)
MR     .....                    (no amulet)
Stlth  ++........               (no ring)
                                h - ring of poison resistance

@: very slightly contaminated, repel missiles, not resistant to hostile
enchantments, unstealthy
A: no striking features
a: no special abilities


You were on level 3 of the Dungeon.
You were hungry.

You visited 1 branch of the dungeon, and saw 3 of its levels.

You collected 63 gold pieces.

Inventory:

Hand Weapons
 e - a +0 short sword (weapon)
 k - a +1 spear of freezing
 v - a +0 dagger of venom
Missiles
 q - 15 poisoned needles
 r - 32 arrows
Armour
 a - a +0 robe (worn)
 b - a +0 hat (worn)
 n - a +0 cloak (worn)
Jewellery
 h - a ring of poison resistance (left hand)
Wands
 s - a wand of flame (26/48)
Scrolls
 i - a scroll of teleportation {unknown}
 l - a scroll of noise {unknown}
 m - a scroll of identify {unknown}
 o - a scroll of recharging {unknown}
 u - a scroll of remove curse {unknown}
 w - a scroll of amnesia {unknown}
 x - a scroll of immolation {unknown}
Potions
 p - a potion of might {unknown}
 t - a potion of heal wounds {unknown}
Books
 c - a book of Minor Magic

   Spells                             Type                      Level
   a - Magic Dart                     Conjuration                  1
   b - Blink                          Translocation                2
   c - Call Imp                       Summoning                    2
   d - Repel Missiles                 Charms/Air                   2
   e - Slow                           Hexes                        2
   f - Conjure Flame                  Conjuration/Fire             3
   g - Mephitic Cloud                 Conjuration/Poison/Air       3
Comestibles
 d - 2 bread rations
 f - a meat ration
 g - 3 slices of pizza
 j - a beef jerky


   Skills:
 + Level 3.7 Dodging
 + Level 3.9 Stealth
 + Level 5.2 Spellcasting
 * Level 3.5 Conjurations
 + Level 2.8 Summonings
 - Level 1.1 Translocations
 + Level 0.0 Fire Magic
 + Level 1.6 Poison Magic


You had 2 spell levels left.
You knew the following spells:

 Your Spells              Type           Power        Failure   Level  Hunger
a - Magic Dart            Conj           ###.         1%          1    None
b - Call Imp              Summ           ###.....     4%          2    None
c - Blink                 Tloc           N/A          10%         2    None
d - Repel Missiles        Chrm/Air       #.....       14%         2    None
e - Mephitic Cloud        Conj/Pois/Air  ###.....     12%         3    #......
f - Conjure Flame         Conj/Fire      ###.....     12%         3    #......


Dungeon Overview and Level Annotations

Branches:
Dungeon (3/15)

Altars:


Message History

The quokka appears confused.
The quokka closely misses the orc wizard.
The orc hits the orc wizard but does no damage.
You closely miss the quokka.
The quokka is moderately wounded.
The quokka is engulfed in noxious fumes.
The quokka appears confused.
The orc wizard gestures at you while chanting.
The puff of flame hits you!
The quokka is engulfed in noxious fumes.
The quokka appears confused.
The quokka is engulfed in noxious fumes.
The quokka appears confused.
The quokka barely misses the orc wizard.
The orc wizard casts a spell at you. The magic dart hits you!
* * * LOW HITPOINT WARNING * * *
The orc wizard points at you and mumbles some strange words.
The magic dart hits you!
You die...

### #<#
#.# #.#
#.# #@#
#.# #.#
#.# #)#
.o.
.....
......#
........


You could see an orc wizard.

Vanquished Creatures
  Sigmund (D:2)
  Terence (D:2)
  2 adders (D:2)
  2 oozes
  2 worms (D:2)
  3 dart slugs
  2 orcs (D:3)
  2 bats (D:2)
  A giant cockroach (D:1)
  4 hobgoblins
  7 jackals (D:1)
  4 quokkas
  2 ball pythons (D:2)
  3 giant newts
  10 goblins
  7 kobolds
  14 rats
67 creatures vanquished.

Notes
Turn   | Place    | Note
--------------------------------------------------------------
     0 | D:1      | Mefis the Deep Elf Wizard began the quest for the Orb.
     0 | D:1      | Reached XP level 1. HP: 10/10 MP: 7/7
   160 | D:1      | Reached XP level 2. HP: 15/15 MP: 6/9
   164 | D:1      | Learned a level 2 spell: Call Imp
   167 | D:1      | Learned a level 2 spell: Blink
   170 | D:1      | Learned a level 2 spell: Repel Missiles
   946 | D:1      | Reached XP level 3. HP: 15/19 MP: 3/11
  1283 | D:2      | Learned a level 3 spell: Mephitic Cloud
  2142 | D:2      | Noticed Sigmund
  2310 | D:2      | Reached XP level 4. HP: 24/24 MP: 8/12
  2335 | D:2      | Killed Sigmund
  2335 | D:2      | Reached skill level 5 in Spellcasting
  2335 | D:2      | Reached skill level 1 in Poison Magic
  2335 | D:2      | Reached XP level 5. HP: 24/28 MP: 8/14
  2904 | D:2      | Noticed Terence
  2922 | D:2      | Learned a level 3 spell: Conjure Flame
  2940 | D:2      | Killed Terence
  3314 | D:3      | Reached XP level 6. HP: 29/32 MP: 4/15
  3334 | D:3      | Killed from afar by an orc wizard

Skill      XL: |  1  2  3  4 |
---------------+-------------+-----
Conjurations   | 2 3 |  3.5
Stealth        | 3 |  3.9
Dodging        | 3 |  3.7
Summonings     | 2 |  2.8
Spellcasting   | 5 |  5.2
Poison Magic   | 1 |  1.6
Translocations | |  1.1

Action                   |  1- 3 |  4- 6 || total
-------------------------+-------+-------++-------
Melee: Short sword       |    21 |    65 ||    86
 Cast: Magic Dart        |   104 |    30 ||   134
       Mephitic Cloud    |     1 |     7 ||     8
       Call Imp          |     1 |       ||     1
       Repel Missiles    |       |     1 ||     1
 Stab: Sleeping          |     3 |     2 ||     5
       Confused          |       |     5 ||     5
  Eat: Chunk             |     4 |     3 ||     7
Armor: Robe              |    12 |     7 ||    19
Dodge: Dodged            |    53 |    34 ||    87
